 Dungeon Crawl Stone Soup version 0.26-a0-964-g69f9a3b9e2 (webtiles) character file.

Game seed: 9865323529069686557

168 lunkers the Digger (level 5, -2/35 HPs)
             Began as a Formicid Earth Elementalist on Dec 2, 2020.
             Slain by Duvessa
             ... wielding a +0 rapier
              (5 damage)
             ... on level 4 of the Dungeon.
             The game lasted 00:08:36 (4175 turns).

lunkers the Digger (Formicid Earth Elementalist)    Turns: 4175, Time: 00:08:37

Health: -2/35      AC:  3    Str: 13    XL:     5   Next: 78%
Magic:  0/10       EV: 12    Int: 15    God:
Gold:   220        SH:  0    Dex: 11    Spells: 6/10 levels left

rFire    . . .     SeeInvis +   b - +0 dagger
rCold    . . .     Faith    .   (no shield)
rNeg     . . .     Spirit   .   c - +0 robe
rPois    .         Reflect  .   (helmet unavailable)
rElec    .         Harm     .   (no cloak)
rCorr    .         Rampage  .   (no gloves)
MR       .....                  q - +0 pair of boots
Stlth    +.........             (no amulet)
HPRegen  0.11/turn              g - ring of attention (curse)
MPRegen  0.12/turn              (no ring)

@: glowing
A: permanent stasis, dig shafts and tunnels, four strong arms, antennae 3
a: Dig, Shaft Self


You were on level 4 of the Dungeon.
You visited 1 branch of the dungeon, and saw 4 of its levels.

You collected 220 gold pieces.

Inventory:

Hand Weapons
 b - a +0 dagger (weapon)
Missiles
 j - 24 stones (quivered)
Armour
 c - a +0 robe (worn)
 q - a +0 pair of boots (worn)
Jewellery
 g - a cursed ring of attention (left hand)
Scrolls
 a - a scroll of teleportation {unknown}
 e - a scroll of enchant weapon {unknown}
 k - a scroll of magic mapping {unknown}
 l - a scroll of immolation {unknown}
 p - a scroll of enchant armour {unknown}
Potions
 d - a potion of heal wounds
 f - 3 potions of flight
 h - 2 potions of curing
 i - a potion of lignification {unknown}
 m - 2 potions of degeneration {unknown}
 n - a potion of brilliance {unknown}
 o - a potion of ambrosia {unknown}


   Skills:
 - Level 1.7 Dodging
 - Level 2.4 Stealth
 + Level 3.4 Spellcasting
 + Level 1.3 Conjurations
 - Level 1.1 Transmutations
 * Level 6.0 Earth Magic


You had 6 spell levels left.
You knew the following spells:

 Your Spells              Type           Power        Failure   Level
a - Sandblast             Erth           ###...       1%          1
b - Stone Arrow           Conj/Erth      ##....       13%         3

Your spell library contained the following spells:

 Spells                   Type           Power        Failure   Level
 Passwall                 Tmut/Erth      ##......     7%          2
 Petrify                  Tmut/Erth      ##......     41%         4
 Lee's Rapid Deconstruct  Erth           ###.......   41%         5


Dungeon Overview and Level Annotations

Branches:
Dungeon (4/15)
 Temple: D:4-7

Altars:
Makhleb
Sif Muna

Annotations:
D:4 Dowan, Duvessa


Innate Abilities, Weirdness & Mutations

You cannot be hasted, slowed, berserked, paralysed or teleported.
You can dig through walls and to a lower floor.
Your four strong arms can wield two-handed weapons with a shield.
You have a pair of large antennae on your head. (SInv)


Message History

Confirm with . or Enter, or press ? or * to list all spells.
Aiming: Sandblast (safe; 1% risk of failure)
Press: ? - help, Shift-Dir - straight line, f/p - Duvessa
Aim: Duvessa, wielding a +0 rapier and wearing a +0 leather armour (heavily wounded, 17% to evade)
The blast of sand hits Duvessa.
Duvessa is severely wounded.
j - 25 stones
* * * LOW MAGIC WARNING * * *
Duvessa misses you. Dowan barely misses you.
Unknown command.
Casting: Sandblast (safe; 1% risk of failure)
Confirm with . or Enter, or press ? or * to list all spells.
Aiming: Sandblast (safe; 1% risk of failure)
Press: ? - help, Shift-Dir - straight line, f/p - Duvessa
Aim: Duvessa, wielding a +0 rapier and wearing a +0 leather armour (severely wounded, 17% to evade)
The blast of sand misses Duvessa.
j - 24 stones
* * * LOW MAGIC WARNING * * *
Duvessa hits you with a +0 rapier.
You die...

### ..### #...
###..### # #
#......#.#
#.##.#......#
#...........#
#......e....##
#.##.<@e......
#..........
#..........
.........###
.$..........
####.###......
#. ...... #.
###..<


You could see Duvessa and Dowan.

Vanquished Creatures
  A worker ant (D:2)
  6 gnolls
  2 adders
  An ooze (D:1)
  A worm (D:2)
  3 dart slugs
  2 leopard geckos
  4 bats
  3 giant cockroaches
  5 goblins
  4 hobgoblins
  4 jackals (D:1)
  6 kobolds
  2 quokkas
  A ball python (D:1)
  9 frilled lizards
  6 rats
60 creatures vanquished.

Vanquished Creatures (others)
  A plant (D:4)
1 creature vanquished.

Grand Total: 61 creatures vanquished

Notes
Turn   | Place    | Note
-------+----------+-------------------------------------------
     0 | D:1      | lunkers the Formicid Earth Elementalist began the quest for
                  | the Orb.
     0 | D:1      | Reached XP level 1. HP: 13/13 MP: 3/3
   250 | D:1      | Reached skill level 4 in Earth Magic
   278 | D:1      | Reached XP level 2. HP: 19/19 MP: 3/5
   479 | D:1      | Reached XP level 3. HP: 12/24 MP: 2/7
   846 | D:1      | Reached skill level 5 in Earth Magic
   846 | D:1      | Reached XP level 4. HP: 29/30 MP: 5/8
  1252 | D:1      | Learned a level 3 spell: Stone Arrow
  2015 | D:2      | Reached XP level 5. HP: 28/35 MP: 5/9
  2502 | D:2      | Reached skill level 1 in Conjurations
  2746 | D:2      | Found a shimmering blue altar of Sif Muna.
  3136 | D:2      | Found a burning altar of Makhleb.
  3623 | D:3      | Reached skill level 6 in Earth Magic
  4161 | D:4      | Noticed Duvessa
  4161 | D:4      | Noticed Dowan
  4175 | D:4      | Slain by Duvessa

Illustrated notes

Levels and vault maps discovered:
D:1:      matt_arrival_spirals, layout_basic, chequers_jeans,
          minmay_close_crescents
D:2:      layout_basic, lemuel_coloured_pillars_altar, lemuel_crystal_altar
D:3:      layout_basic
D:4:      wad_woods_tower, layout_loops_cross, minmay_manual_monstrance,
          uniq_robin, uniq_duvessa, uniq_grinder, uniq_crazy_yiuf_cottage

Skill      XL: |  1  2  3  4  5 |
---------------+----------------+-----
Earth Magic    | 4 5 6 |  6.0
Spellcasting   | 3 |  3.4
Conjurations   | 1 |  1.3
Dodging        | |  1.7
Stealth        | |  2.4
Transmutations | |  1.1

Action                   |  1- 3 |  4- 6 || total
-------------------------+-------+-------++-------
Melee: Dagger            |       |   108 ||   108
       Unarmed           |       |     6 ||     6
 Cast: Sandblast         |    39 |    21 ||    60
       Stone Arrow       |       |    27 ||    27
  Use: Scroll            |     2 |     1 ||     3
Armor: Robe              |       |    19 ||    19
Dodge: Dodged            |    16 |   104 ||   120

Table legend: (Time is in decaauts)
 A = Elapsed time spent in this place.
 B = Non-inter-level travel time spent in this place.
 C = Inter-level travel time spent in this place.
 D = Time resting spent in this place.
 E = Time spent auto-exploring this place.
 F = Levels seen in this place.
 G = Mean time per level.
                   A        B        C        D        E       F      G
               +--------+--------+--------+--------+--------+-----+--------+
         Total |   4175 |   4079 |     96 |    368 |   2930 |   4 | 1043.8 |
       Dungeon |   4175 |   4079 |     96 |    368 |   2930 |   4 | 1043.8 |
               +--------+--------+--------+--------+--------+-----+--------+

Top non-repeatable levels by time:
     D:2: 1975 daAuts
     D:1: 1395 daAuts
     D:3: 790 daAuts
     D:4: 13 daAuts
